 Dungeon Sprint DCSS version 0.23.0-42-geed6394 (webtiles) character file.

Game seed: 14671171216689249662

74991 nuthulu the Slayer (level 15, -6/162 HPs)
             Began as a Minotaur Fighter on Feb 28, 2019.
             Was the Champion of Okawaru.
             Mangled by a lorocyproca (9 damage)
             ... in the Dungeon (Sprint VII: "The Pits").
             The game lasted 00:13:50 (4528 turns).

nuthulu the Slayer (Minotaur Fighter)               Turns: 4528, Time: 00:13:50

Health: -6/162     AC: 34    Str: 28    XL:     15   Next: 8%
Magic:  0/24       EV: 19    Int:  5    God:    Okawaru [******]
Gold:   53         SH: 18    Dex:  9    Spells: 14/14 levels left

rFire    + . .     SeeInvis .   F - +9 broad axe (flame)
rCold    + + .     Gourm    .   c - +2 shield
rNeg     . . .     Faith    .   G - +2 gold dragon scales
rPois    +         Spirit   .   C - +0 hat of Brilliance {rC+}
rElec    .         Reflect  .   D - +1 cloak {+Inv}
rCorr    .         Harm     .   K - +2 pair of gloves {archery}
MR       ++...     Clarity  +   y - +2 pair of boots {Fly} Stlth ..........NoTele +
                                (no amulet)
HPRegen  0.37/turn              r - +3 ring of evasion
MPRegen  0.19/turn              B - ring of protection from magic

@: lethally poisoned (-6 -> -6), heroism, finesse, flying
A: retaliatory headbutt, hooves 1, horns 2, blurry vision 1, clarity, deformed
body, MP-powered wands
a: Heroism, Finesse, Renounce Religion, Evoke Invisibility, Stop Flying


You were in the Dungeon.
You worshipped Okawaru.
Okawaru was exalted by your worship.
You were not hungry.

You visited 1 branch You collected 53 gold pieces.

Inventory:

Hand Weapons
 a - a +0 war axe
 q - a +3 battleaxe of venom
 t - the +1 broad axe of Disharmony {protect, rPois Str-3 Dex+7}
   (You found it in the Dungeon)

   It protects the one who uses it against injury (+AC on strike).
   It affects your strength (-3).
   It affects your dexterity (+7).
   It protects you from poison.
 A - the +7 war axe of Muarutwa {speed, rC++ MR+ Str-3 Int+5}
   (You found it in the Dungeon)

   Attacks with this weapon are significantly faster.
   It affects your strength (-3).
   It affects your intelligence (+5).
   It greatly protects you from cold.
   It affects your resistance to hostile enchantments.
 F - a +9 broad axe of flaming (weapon)
Armour
 b - a +0 scale mail
 c - a +2 shield (worn)
 p - a +3 scale mail
 y - a +2 pair of boots of flying (worn)
 C - the +0 hat of Brilliance (worn) {rC+}
   (Okawaru gifted it to you in the Dungeon)

   It protects you from cold.
 D - a +1 cloak of invisibility (worn)
 G - +2 gold dragon scales (worn)
 K - a +2 pair of gloves of archery (worn)
Jewellery
 r - a +3 ring of evasion (left hand)
 s - a +3 ring of intelligence
 w - an uncursed ring of ice
 B - a ring of protection from magic (right hand)
 H - an uncursed ring of wizardry
 J - an uncursed ring of protection from magic
Scrolls
 k - 2 scrolls of blinking
 m - 5 scrolls of remove curse
 n - 5 scrolls of amnesia
 o - a scroll of summoning
 z - a scroll of identify
 E - a scroll of fog
 I - a scroll of fear
Potions
 d - a potion of might
 e - 7 potions of curing
 g - 5 potions of heal wounds
 h - 2 potions of haste
 i - 4 potions of magic
 j - 5 potions of berserk rage
 l - 2 potions of invisibility
 u - 2 potions of brilliance
 v - 4 potions of agility
Comestibles
 f - 13 rations


   Skills:
 + Level 22.5(27) Fighting
 - Level 20.6(25.6) Axes
 + Level 22.4(27) Armour
 + Level 17.9(22.9) Dodging
 - Level 16.0(21.0) Shields
 - Level 14.4 Invocations
 + Level 11.4 Evocations


You had 14 spell levels left.
You didn't know any spells.
Your spell library was empty.

Dungeon Overview and Level Annotations

Branches:
Dungeon (1/1)

Altars:
Ashenzari
Cheibriados
Dithmenos
Elyvilon
Fedhas
Gozag
Hepliaklqana
Kikubaaqudgha
Makhleb
Nemelex Xobeh
Okawaru
Qazlal
Ru
Sif Muna
Trog
Uskayaw
Vehumet
Wu Jian
Xom
Yredelemnul
Zin
The Shining One
Beogh
Jiyva
Lugonu

Annotations:
D Saint Roka


Innate Abilities, Weirdness & Mutations

You reflexively headbutt those who attack you in melee.
You have a pair of horns on your head.
You have large cloven feet.
Scrolls take you a little longer to read.
You possess an exceptional clarity of mind.
Armour fits poorly on your strangely shaped body.
You expend magic power (3 MP) to strengthen your wands.


Message History

You slash the naga warrior! You burn the naga warrior. You slash the eidolon!
You burn the eidolon.
Saint Roka invokes the aid of Beogh against you.
Beogh smites you!
* * * LOW HITPOINT WARNING * * *
The naga warrior spits poison at you.
The splash of poison hits you but does no damage.
You are poisoned.
You resist. The naga warrior constricts you.
Unknown command.
You slash something! Your headbutt misses something.
You slash the naga warrior! You burn the naga warrior.
You kill the naga warrior!
Okawaru accepts your kill.
Your life force feels restored.
You closely miss the eidolon.
You feel sick.
The deep elf sorcerer howls an incantation.
You feel troubled. Something hits you!
You die...

#### #..# . ##..# ..# #...#
....### ##...#
.......#####..#.#
#......d))......#
.##...oyW#e†.##.#
#....o3N{@......#
N.....G#####..#.######++##
...o### ##..(##........ ..##
#.()##........ A ##..)'..#....#
#..('........ #####........
#######################..#....#
#....................''........


You could see Saint Roka, a purple draconian (berserk), a naga sharpshooter, an
eidolon, a deep elf sorcerer, a moth of wrath, a sixfirhy, an orc warrior
(berserk), a floating eye and an orc.

Vanquished Creatures
  An orb of fire (D)
  A Tzitzimitl (D)
  A nagaraja (D)
  A sphinx (D)
  A deep elf sorcerer (D)
  A fire giant (D)
  A draconian knight (D)
  A ghost moth (D)
  An orc warlord (D)
  3 ghouls (D)
  2 emperor scorpions (D)
  A balrug (D)
  An ophan (D)
  A vampire knight (D)
  A deep elf annihilator (D)
  2 minotaurs (D)
  A merfolk impaler (D)
  2 eidola (D)
  A merfolk javelineer (D)
  An ogre mage (D)
  A yaktaur captain (D)
  3 vault guards (D)
  3 alligator snapping turtles (D)
  A spriggan air mage (D)
  6 naga warriors (D)
  7 two-headed ogres (D)
  A dancing weapon (D)
  2 alligators (D)
  A death yak (D)
  A fire crab (D)
  A sea snake (D)
  2 spriggan druids (D)
  A deep troll (D)
  2 wizards (D)
  A swamp dragon (D)
  A lindwurm (D)
  11 orc knights (D)
  3 deep elf magi (D)
  3 cyclopes (D)
  A necromancer (D)
  2 guardian serpents (D)
  A spiny frog (D)
  An eye of devastation (D)
  4 yaktaurs (D)
  2 kobold demonologists (D)
  A rime drake (D)
  3 ice devils (D)
  A komodo dragon (D)
  A demonic crawler (D)
  A hellwing (D)
  3 jumping spiders (D)
  6 merfolk (D)
  Prince Ribbit (D)
  A troll (D)
  A polar bear (D)
  A hornet (D)
  A blink frog (D)
  A wandering mushroom (D)
  A flying skull (D)
  3 air elementals (D)
  9 redbacks (D)
  3 water elementals (D)
  2 wraiths (D)
  A fire elemental (D)
  3 wyverns (D)
  7 yaks (D)
  A neqoxec (D)
  4 wargs (D)
  2 vampire mosquitoes (D)
  2 soldier ants (D)
  An acid dragon (D)
  A water moccasin (D)
  4 floating eyes (D)
  A swamp drake (D)
  2 orc warriors (D)
  2 eyes of draining (D)
  2 ogres (D)
  A centaur (D)
  2 big kobolds (D)
  A scorpion (D)
  An orc wizard (D)
  A gnoll shaman (D)
  A hell rat (D)
  5 gnolls (D)
  2 adder zombies (D)
  An adder skeleton (D)
  A worm (D)
  A leopard gecko (D)
  7 orcs (D)
  A giant cockroach (D)
  A ball python zombie (D)
  A bat simulacrum (D)
  A frilled lizard (D)
  5 kobolds (D)
  A leopard gecko skeleton (D)
  A quokka zombie (D)
195 creatures vanquished.

Vanquished Creatures (others)
  An orc warlord (D)
  An orc (D)
2 creatures vanquished.

Grand Total: 197 creatures vanquished

Notes
Turn   | Place    | Note
-------+----------+-------------------------------------------
     0 | D        | nuthulu the Minotaur Fighter began the quest for the Orb.
     0 | D        | Reached XP level 1. HP: 19/19 MP: 0/0
    38 | D        | Found a glowing golden altar of the Shining One.
    38 | D        | Found a glowing silver altar of Zin.
    38 | D        | Found a basalt altar of Yredelemnul.
    38 | D        | Found a shimmering altar of Xom.
    38 | D        | Found an ornate altar of the Wu Jian Council.
    38 | D        | Found a bloodstained altar of Trog.
    38 | D        | Found a deep blue altar of Sif Muna.
    38 | D        | Found a sacrificial altar of Ru.
    38 | D        | Found a stormy altar of Qazlal.
    38 | D        | Found an iron altar of Okawaru.
    38 | D        | Found a sparkling altar of Nemelex Xobeh.
    38 | D        | Found a burning altar of Makhleb.
    38 | D        | Found a viscous altar of Jiyva.
    38 | D        | Found a hazy altar of Hepliaklqana.
    38 | D        | Found an opulent altar of Gozag.
    38 | D        | Found a blossoming altar of Fedhas.
    38 | D        | Found a white marble altar of Elyvilon.
    38 | D        | Found a shadowy altar of Dithmenos.
    38 | D        | Found a snail-covered altar of Cheibriados.
    39 | D        | Found a radiant altar of Vehumet.
    39 | D        | Found a corrupted altar of Lugonu.
    39 | D        | Found a roughly hewn altar of Beogh.
    40 | D        | Found a hide-covered altar of Uskayaw.
    40 | D        | Found an ancient bone altar of Kikubaaqudgha.
    40 | D        | Found a shattered altar of Ashenzari.
    44 | D        | Became a worshipper of Warmaster Okawaru
    54 | D        | Noticed a floating eye
    54 | D        | Noticed a floating eye
    56 | D        | Killed a floating eye
    56 | D        | Reached * piety under Okawaru
    56 | D        | Reached skill level 5 in Axes
    56 | D        | Reached XP level 2. HP: 31/31 MP: 1/1
    56 | D        | Reached XP level 3. HP: 38/38 MP: 2/2
    56 | D        | Reached XP level 4. HP: 45/45 MP: 3/3
    58 | D        | Paralysed by a floating eye for 3 turns
    61 | D        | Killed a floating eye
    61 | D        | Reached XP level 5. HP: 53/53 MP: 4/4
    80 | D        | Noticed a floating eye
    87 | D        | Reached XP level 6. HP: 62/62 MP: 5/5
    89 | D        | Killed a floating eye
    89 | D        | Reached ** piety under Okawaru
   156 | D        | Noticed a deep elf mage
   156 | D        | Noticed a water moccasin
   165 | D        | Noticed an ice beast
   167 | D        | Killed a deep elf mage
   167 | D        | Reached *** piety under Okawaru
   167 | D        | Reached skill level 10 in Fighting
   167 | D        | Reached skill level 10 in Axes
   167 | D        | Reached skill level 10 in Armour
   167 | D        | Reached skill level 10 in Shields
   167 | D        | Reached XP level 7. HP: 69/73 MP: 3/6
   194 | D        | Reached XP level 8. HP: 67/82 MP: 5/7
   198 | D        | Reached **** piety under Okawaru
   312 | D        | Noticed a flying skull
   319 | D        | Killed a flying skull
   319 | D        | Reached skill level 1 in Invocations
   344 | D        | Noticed a cyclops
   349 | D        | Killed a cyclops
   425 | D        | Noticed Prince Ribbit
   433 | D        | Killed Prince Ribbit
   433 | D        | Reached XP level 9. HP: 88/90 MP: 8/11
   464 | D        | Got the +1 broad axe of Disharmony {protect, rPois Str-3
                  | Dex+7}
   504 | D        | Gained mutation: You expend magic power (3 MP) to
                  | strengthen your wands. [potion of mutation]
   504 | D        | Gained mutation: Scrolls take you a little longer to read.
                  | [potion of mutation]
   504 | D        | Gained mutation: You possess an exceptional clarity of
                  | mind. [potion of mutation]
   504 | D        | Gained mutation: You have large cloven feet. [potion of
                  | mutation]
   560 | D        | Noticed a deep elf mage
   571 | D        | Killed a deep elf mage
   571 | D        | Reached ***** piety under Okawaru
   571 | D        | Reached skill level 5 in Invocations
   663 | D        | Noticed an ice devil
   678 | D        | Killed an ice devil
   821 | D        | Noticed a demonic crawler
   832 | D        | Killed a demonic crawler
   942 | D        | Reached XP level 10. HP: 83/101 MP: 12/14
  1025 | D        | Noticed a deep elf mage
  1030 | D        | Received a gift from Okawaru
  1035 | D        | Killed a deep elf mage
  1074 | D        | Noticed a cyclops
  1083 | D        | Killed a cyclops
  1100 | D        | Reached skill level 1 in Dodging
  1126 | D        | Noticed a spriggan druid
  1126 | D        | Noticed a merfolk impaler
  1152 | D        | Killed a merfolk impaler
  1163 | D        | Killed a spriggan druid
  1163 | D        | Reached XP level 11. HP: 35/111 MP: 1/16
  1169 | D        | Reached ****** piety under Okawaru
  1173 | D        | Reached skill level 5 in Dodging
  1176 | D        | Reached skill level 15 in Fighting
  1176 | D        | Reached skill level 15 in Armour
  1176 | D        | Reached skill level 15 in Shields
  1196 | D        | Killed a ghost moth
  1196 | D        | Reached skill level 15 in Axes
  1204 | D        | Reached skill level 10 in Invocations
  1434 | D        | Noticed an alligator
  1434 | D        | Noticed an alligator
  1437 | D        | Noticed a two-headed ogre
  1438 | D        | Paralysed by a floating eye for 3 turns
  1457 | D        | Killed an alligator
  1462 | D        | Killed an alligator
  1472 | D        | Killed a two-headed ogre
  1477 | D        | Received a gift from Okawaru
  1479 | D        | Noticed a fire crab
  1488 | D        | Killed a fire crab
  1505 | D        | Noticed a two-headed ogre
  1514 | D        | Killed a two-headed ogre
  1514 | D        | Received a gift from Okawaru
  1542 | D        | Got the +7 war axe of Muarutwa {speed, rC++ MR+ Str-3
                  | Int+5}
  1681 | D        | Noticed a death yak
  1703 | D        | Killed a death yak
  1804 | D        | Noticed an alligator snapping turtle
  1836 | D        | Killed an alligator snapping turtle
  1836 | D        | Reached XP level 12. HP: 84/123 MP: 19/19
  2113 | D        | Received a gift from Okawaru
  2182 | D        | Noticed an ophan
  2195 | D        | Killed an ophan
  2197 | D        | Noticed an orc warlord
  2202 | D        | Noticed a merfolk javelineer
  2203 | D        | Noticed a naga warrior
  2213 | D        | Reached skill level 10 in Dodging
  2213 | D        | Noticed a vault guard
  2221 | D        | Noticed a vault guard
  2227 | D        | Noticed a balrug
  2227 | D        | Killed an orc warlord
  2229 | D        | Noticed an orc warlord
  2230 | D        | Received a gift from Okawaru
  2232 | D        | Killed a merfolk javelineer
  2241 | D        | Killed a vault guard
  2245 | D        | Killed a naga warrior
  2249 | D        | Killed a balrug
  2249 | D        | Reached XP level 13. HP: 49/134 MP: 16/22
  2254 | D        | Killed an orc warlord
  2266 | D        | Got a scorched hat {god gift}
  2272 | D        | Identified the +0 hat of Brilliance {rC+} (Okawaru gifted
                  | it to you in the Dungeon)
  2610 | D        | Found the +7 Singing Sword {slice, sonic wave}
  2634 | D        | Noticed a nagaraja
  2648 | D        | Killed a nagaraja
  2844 | D        | Received a gift from Okawaru
  2973 | D        | Noticed a minotaur
  2973 | D        | Noticed a deep elf annihilator
  2973 | D        | Noticed a ghoul
  2973 | D        | Noticed a ghoul
  2973 | D        | Noticed a ghoul
  2973 | D        | Noticed an emperor scorpion
  2987 | D        | Killed a minotaur
  2987 | D        | Reached skill level 1 in Evocations
  2987 | D        | Killed a ghoul
  2997 | D        | Killed a ghoul
  2998 | D        | Killed a ghoul
  3002 | D        | Killed a deep elf annihilator
  3005 | D        | Killed an emperor scorpion
  3203 | D        | Noticed an eidolon
  3203 | D        | Noticed a minotaur
  3210 | D        | Reached skill level 5 in Evocations
  3215 | D        | Killed an eidolon
  3215 | D        | Reached XP level 14. HP: 103/147 MP: 23/23
  3217 | D        | Noticed a vampire knight
  3231 | D        | Received a gift from Okawaru
  3232 | D        | Reached skill level 15 in Dodging
  3233 | D        | Killed a vampire knight
  3252 | D        | Noticed an emperor scorpion
  3258 | D        | Killed an emperor scorpion
  3674 | D        | Noticed a Tzitzimitl
  3681 | D        | Killed a Tzitzimitl
  3685 | D        | Noticed a white draconian knight
  3693 | D        | Killed a white draconian knight
  3698 | D        | Noticed an orb of fire
  3705 | D        | Gained mutation: Armour fits poorly on your strangely
                  | shaped body. [an orb of fire]
  3721 | D        | Killed an orb of fire
  4085 | D        | Received a gift from Okawaru
  4085 | D        | Reached skill level 10 in Evocations
  4456 | D        | Noticed a deep elf sorcerer
  4456 | D        | Noticed a sphinx
  4456 | D        | Noticed a daeva
  4482 | D        | Killed a deep elf sorcerer
  4492 | D        | Killed a sphinx
  4499 | D        | Identified the +6 fustibalus "Oscharchattiu" {velocity,
                  | *Drain rC+ rN++}
  4499 | D        | Noticed a fire giant
  4505 | D        | Noticed a deep elf sorcerer
  4510 | D        | Killed a fire giant
  4510 | D        | Received a gift from Okawaru
  4510 | D        | Reached XP level 15. HP: 99/161 MP: 16/24
  4522 | D        | Paralysed by a floating eye for 4 turns
  4526 | D        | Noticed Saint Roka
  4527 | D        | HP: 4/162 [Saint Roka/divine providence (13)]
  4528 | D        | Mangled by a lorocyproca

Skill      XL: |  1  2  3  4  5  6  7  8  9 10 11 12 13 14 |
---------------+-------------------------------------------+-----
Fighting       | 6 7 8 10 11 12 13 14 16 18 19 22 | 22.5
Axes           | 5 7 10 11 13 14 16 18 19 20 | 20.6
Armour         | 6 7 8 10 11 12 13 14 16 18 19 22 | 22.4
Shields        | 6 7 8 10 11 12 13 14 16 | 16.0
Invocations    | 4 7 9 11 13 14 | 14.4
Dodging        | 4 8 11 14 17 | 17.9
Evocations     | 5 11 | 11.4

Action                   |  1- 3 |  4- 6 |  7- 9 | 10-12 | 13-15 || total
-------------------------+-------+-------+-------+-------+-------++-------
Melee: War axe           |     3 |    24 |    63 |    86 |     6 ||   182
       Headbutt          |     1 |     6 |    28 |    79 |    45 ||   159
       Broad axe         |       |       |    45 |   180 |   226 ||   451
Invok: Heroism           |       |     1 |     2 |     3 |     6 ||    12
       Finesse           |       |       |       |     3 |     6 ||     9
 Abil: Evoke Invisibilit |       |       |       |       |     4 ||     4
  Use: Potion            |       |       |     1 |     6 |     8 ||    15
       Scroll            |       |       |       |    11 |       ||    11
 Stab: Invisible         |       |       |       |       |    22 ||    22
  Eat: Chunk             |       |       |       |     4 |     1 ||     5
       Ration            |       |       |       |       |     3 ||     3
Armor: Scale mail        |     1 |     7 |    37 |    46 |    10 ||   101
       Gold dragon scale |       |       |       |       |    64 ||    64
Dodge: Dodged            |       |     3 |    45 |    85 |    81 ||   214
Block: Shield            |     1 |     8 |    68 |   129 |   126 ||   332
